 Dungeon Crawl Stone Soup version 0.31.0-11-ge490571c62 (webtiles) character file.

Game seed: 8427967001341484294

20 mopl the Ruffian (level 2, -2/18 HPs)
             Began as an Octopode Shapeshifter on Jan 28, 2024.
             Slain by a gnoll
             ... wielding a +0 flail
              (7 damage)
             ... on level 2 of the Dungeon.
             The game lasted 00:00:49 (735 turns).

mopl the Ruffian (Octopode Shapeshifter)             Turns: 735, Time: 00:00:50

Health: -2/18      AC:  1    Str: 13    XL:     2   Next: 79%
Magic:  2/2        EV: 13    Int: 12    God:
Gold:   61         SH:  0    Dex: 11    Spells: 1/1 levels left

rFire   . .          .
                       - Unarmed
rCold   . . .        (no shield)
rNeg    . . .        (helmet currently unavailable)
rPois   .            (no amulet)
rElec   .            (no ring)
rCorr   .            (no ring)
SInv    .            (no ring)
Will    .....        (no ring)
Stlth   ++           (no ring)
HPRegen 0.23/turn    (no ring)
MPRegen 0.08/turn    (no ring)
                     (no ring)

%: no passive effects
@: beast-form
A: beast (slay +1), almost no armour, amphibious, 8 rings, camouflage 1,
gelatinous body 1, (nimble swimmer 1), tentacles
a: Begin Untransformation


You were on level 2 of the Dungeon.
You were a hulking beast.
You visited 1 branch of the dungeon, and saw 2 of its levels.

You collected 61 gold pieces.

Inventory:

Talismans
 b - a beast talisman
 c - a flux talisman
Scrolls
 e - a scroll of revelation {unknown}
 f - a scroll of identify {unknown}
Potions
 a - a potion of lignification
 d - 3 potions of enlightenment {unknown}


   Skills:
 + Level 1.3 Fighting
 + Level 2.2 Dodging
 * Level 3.3 Unarmed Combat
 * Level 3.2 Shapeshifting


You had one spell level left.
You didn't know any spells.
Your spell library was empty.

Dungeon Overview and Level Annotations

Branches:
Dungeon (2/15)

Altars:


Innate Abilities, Weirdness & Mutations

You are a hulking beast.
Your limbs bulge with bestial killing power. (Slay +1)
You cannot wear most types of armour.
You are amphibious.
You can wear up to eight rings at the same time.
Your skin changes colour to match your surroundings (Stealth+).
Your rubbery body absorbs attacks. (AC +1, EV +1)
((You are camouflaged when in or above water. (Stealth+)))
You have tentacles for arms and can constrict up to eight enemies at once.


Message History

The endoplasm moves out of view.
A rat is nearby!
The rat squeaks loudly.
The rat bites you.
You closely miss the rat. Your grab misses the rat. You closely miss the rat.
Your grab misses the rat. The rat misses you.
You bludgeon the rat!
You kill the rat!
No target in view!
No target in view!
No target in view!
HP restored.
You see here a rat corpse.
Found a stone staircase leading down.
No target in view!
A gnoll comes into view. It is wielding a +0 spear.
Found a ring mail.
A gnoll is nearby! 3 gnolls come into view.
The gnoll shouts!
An adder comes into view.
A ribbon worm comes into view.
An endoplasm comes into view.
A bat and a frilled lizard come into view.
Found 5 stones.
The gnoll shouts!
The frilled lizard hisses angrily.
The gnoll hits you with a +0 flail.
The ribbon worm expels a string of sticky webbing.
The stream of webbing hits you but does no damage.
You are caught in a web!
There is a web here.
Unknown command.
You struggle to detach yourself from the web.
The gnoll hits you from afar with a +0 spear.
The web tears apart.
The gnoll completely misses you. The gnoll closely misses you.
The gnoll misses you. The gnoll hits you with a +0 flail.
* * * LOW HITPOINT WARNING * * *
The gnoll attacks as it pursues you! The gnoll barely misses you.
The gnoll attacks as it pursues you! The gnoll hits you with a +0 flail!
You die...

.(∩..∩.....∩.# #.#
.............# #.#
.............# #.#
..∩.J∩..∩..8.# #.#
b............# #.#
......g......# #.#
..8..∩g.∩$.∩.# #.#
......w.Sg...# #.#
.......lgh...# #.#
..♣.[8..∩..♣.# #.#
.............#.#.#
.............#.#.#
J.∩..8..8........#
.......####..###.#
###### ##.# #.#
#.# #.#### #.#
#.#..


You could see a ribbon worm (catching breath), 4 gnolls, an adder, an endoplasm
(wandering) and a frilled lizard.

Vanquished Creatures
  A ball python (D:1)
  2 bats (D:1)
  An endoplasm (D:1)
  A giant cockroach (D:1)
  2 goblins (D:1)
  4 hobgoblins (D:1)
  A quokka (D:1)
  3 kobolds (D:1)
  2 rats
17 creatures vanquished.

Notes
Turn   | Place    | Note
-------+----------+-------------------------------------------
     0 | D:1      | mopl the Octopode Shapeshifter began the quest for the Orb.
     0 | D:1      | Reached XP level 1. HP: 13/13 MP: 1/1
   170 | D:1      | Reached XP level 2. HP: 18/18 MP: 2/2
   735 | D:2      | Slain by a gnoll

Illustrated notes

Levels and vault maps discovered:
D:1:      dpeg_arrival_rooms_with_view, layout_basic
D:2:      layout_basic, hellmonk_ecumenical_altar_arch_garden

Action                     || total
---------------------------++-------
  Melee: Unarmed           ||    33
         Tentacles         ||     7
         Constrict         ||     4
   Stab: Sleeping          ||     3
 Armour: Skin              ||    18
  Dodge: Dodged            ||    27
